AoeStats
← GreatPerson25

Four Lakes

508968351Analyzed
1v1 RM · 6d ago on Sep 24, 2026· 39m 19s· 2 players
Game mode
Random Map
Map size
Tiny (2 player)
Population
200
Speed
Normal
Resources
Standard
Victory
Conquest
Starting age
Dark Age
Ending age
Imperial Age
RankedLock teamsTeams togetherTeam positionsShared explorationLock speedFull tech treeHidden civsTurbo modeCheats
Victory
Defeat
🇧🇷 Ethiopians · Brazil
1691
+15
🇺🇸 Persians · United States
1676
-15
GreatPerson25
10:07 Feudal Age
8:30 Loom
10:15 Feudal Age
12:46 Double-Bit Axe
16:28 Castle Age
15:26 Forging
16:32 Gold Mining
19:12 Demolition Ship
22:02 Iron Casting
21:47 Medium Warships
23:35 Fletching
24:07 Horse Collar
24:43 Bow Saw
27:36 Wheelbarrow
28:09 Heavy Plow
30:41 Gold Shaft Mining
29:57 Stone Mining
30:59 Hand Cart
31:49 Bodkin Arrow
31:18 Elite Skirmisher
32:01 Padded Archer Armor
36:18 Imperial Age
34:20 Bloodlines
34:11 Husbandry
37:52 Chemistry
36:25 Cavalier
37:24 Leather Archer Armor
38:14 Ballistics
38:03 Savar
El Procurador
6:05 Loom
8:50 Feudal Age
8:53 Man-at-Arms
9:21 Double-Bit Axe
13:34 Town Watch
20:07 Castle Age
19:22 Forging
20:16 Scale Mail Armor
21:19 Medium Warships
22:22 Wheelbarrow
22:53 Squires
24:29 Bow Saw
27:17 Horse Collar
27:20 Fishing Lines
33:49 Imperial Age
31:58 Arson
32:49 Iron Casting
34:14 Royal Heirs
35:36 Chemistry
34:15 Halberdier
35:35 Scale Barding Armor
35:36 Husbandry
35:14 Heavy Camel Rider
37:05 Conscription
37:17 Chain Barding Armor
38:48 Blast Furnace
Connection lost

Rejoining the realm…

Still unreachable

The connection could not be restored.

Session expired

The server has moved on; the page needs a fresh start.